Map: Thunderbird LE

Players

Erik - Winner!

  • Race: Zerg Zerg
  • Spawn Location: 5:00

Bee

  • Race: Zerg Zerg
  • Spawn Location: 11:00

Event: 2019 WCS Summer

VOD

Have the link to the VOD?

Description

Time

  • Played on: July 12, 2019, 8:27 a.m.
  • Length: 2:49

All games in this series

Show
View Real Time Build Order
Export as new Build Order

Erik Zerg - Winner!

Build Orders: 1 Base Baneling Bust, Pool Only 

Get SALT Encoding   

  12  0:00  Drone  
  13  0:07  Drone  
  14  0:25  Spawning Pool  
  13  0:29  Drone  
  13  0:30  Extractor  
  13  0:34  Drone  
  14  0:43  Overlord  
  14  1:02  Drone  
  15  1:11  Zergling x2  
  15  1:12  Zergling x2  
  15  1:13  Zergling x2  
  15  1:17  Baneling Nest  
  17  1:24  Zergling x2  
  18  1:26  Queen  
  20  1:35  Zergling x2  
  21  1:45  Zergling x2  
  22  2:01  Spine Crawler  
  22  2:02  Baneling x2, Spine Crawler  
  22  2:05  Baneling  
  20  2:12  Baneling  
  20  2:17  Zergling x2  
  20  2:18  Zergling x2  
  21  2:31  Zergling x2  
Show
View Real Time Build Order
Export as new Build Order

Bee Zerg 

Build Orders: Hatch First 

Get SALT Encoding   

  12  0:00  Drone  
  13  0:12  Overlord  
  13  0:17  Drone  
  14  0:30  Drone x2  
  16  0:48  Hatchery  
  15  0:51  Drone  
  15  0:55  Drone  
  17  0:58  Drone  
  18  1:09  Extractor  
  17  1:13  Spawning Pool  
  17  1:16  Drone  
  17  1:19  Drone  
  18  1:28  Drone  
  19  2:00  Zergling x8, Queen x2  
  27  2:10  Zergling x2  
Tags
 
Add a new tag
Caveats
  • Supply blocks, unpowered buildings, or Contaminate may cause inaccurate times.
  • Supply counts are checked every 10 seconds.